 Dungeon Crawl Stone Soup version 0.24.0-1-gfbc8707 (webtiles) character file.

Game seed: 795507357044871750, levelgen mode: deterministic

195 retro the Covered (level 5, -1/49 HPs)
             Began as a Deep Dwarf Fighter on Oct 26, 2019.
             Killed by nerve-wracking pain
             ... invoked by an orc priest
              (12 damage)
             ... on level 4 of the Dungeon.
             The game lasted 00:06:25 (1466 turns).

retro the Covered (Deep Dwarf Fighter)              Turns: 1466, Time: 00:06:25

Health: -1/49      AC:  7    Str: 21    XL:     5   Next: 45%
Magic:  5/5        EV:  8    Int:  8    God:
Gold:   87         SH:  9    Dex: 12    Spells: 4/4 levels left

rFire    . . .     SeeInvis .   n - +2 dagger (speed)
rCold    . . .     Gourm    .   c - +0 shield
rNeg     . . .     Faith    .   b - +0 scale mail
rPois    .         Spirit   .   (no helmet)
rElec    .         Reflect  .   (no cloak)
rCorr    .         Harm     .   (no gloves)
MR       +....                  (no boots)
Stlth    ..........             l - amulet of the acrobat
HPRegen  0.00/turn              w - ring of protection from magic
MPRegen  0.09/turn              (no ring)

@: non-regenerating
A: damage resistance, heal wounds, sense surroundings 1, no regeneration
a: Heal Wounds


You were on level 4 of the Dungeon.
You were not hungry.

You visited 1 branch of the dungeon, and saw 4 of its levels.

You collected 87 gold pieces.

Inventory:

Hand Weapons
 a - a +0 war axe
 n - a +2 dagger of speed (weapon)
Missiles
 g - 8 poisoned darts (quivered)
 h - 2 curare-tipped darts
Armour
 b - a +0 scale mail (worn)
 c - a +0 shield (worn)
Jewellery
 l - an amulet of the acrobat (around neck)
 w - a ring of protection from magic (left hand)
Scrolls
 e - a scroll of remove curse {unknown}
 i - 2 scrolls of amnesia {unknown}
 k - a scroll of magic mapping {unknown}
 r - a scroll of enchant weapon {unknown}
 s - a scroll of teleportation {unknown}
 t - a scroll of random uselessness {unknown}
 v - a scroll of fog {unknown}
 y - 3 scrolls of identify {unknown}
Potions
 d - a potion of magic {unknown}
 j - a potion of lignification {unknown}
 m - a potion of haste {unknown}
 o - a potion of invisibility {unknown}
 p - a potion of curing {unknown}
 q - a potion of mutation {unknown}
 u - a potion of ambrosia {unknown}
 x - a potion of flight {unknown}
Comestibles
 f - 4 rations


   Skills:
 + Level 3.2 Fighting
 + Level 3.2 Axes
 * Level 4.8 Armour
 + Level 2.1 Dodging
 + Level 4.1 Shields


You had 4 spell levels left.
You didn't know any spells.
Your spell library was empty.

Dungeon Overview and Level Annotations

Branches:
Dungeon (4/15)
 Temple: D:4-7

Altars:


Innate Abilities, Weirdness & Mutations

You are resistant to damage.
You can heal yourself by infusing magical energy.
You passively map a small area around you.
You do not regenerate.


Message History

You closely miss the orc priest.
The orc priest is moderately wounded.
You closely miss the orc priest.
The orc priest is moderately wounded.
The orc priest hits you with a +0 short sword.
You closely miss the orc priest.
The orc priest is moderately wounded.
You block the orc priest's attack.
You barely miss the orc priest.
The orc priest is moderately wounded.
You puncture the orc priest!
The orc priest is severely wounded.
The orc priest invokes the aid of Beogh against you.
Beogh smites you!
* * * LOW HITPOINT WARNING * * *
You hit the orc priest.
The orc priest is almost dead.
The orc priest invokes the aid of Beogh against you.
Pain shoots through your body!
You die...

## * .# # *
#.##.* , **
#(..# * * ...#
..# * ,.o# #..#
* #)# #... ,
#.### #..#
###(o@# #
##...###...##..#
#####.....#..###
###
............##
............#
###
.......####.#
#.# ......#*
#.## ##.#
......#
##.#####.##
......###
##.##....##


You could see an orc priest.

Vanquished Creatures
  An orc wizard (D:4)
  A worker ant (D:4)
  2 adders (D:2)
  4 gnolls (D:2)
  3 oozes
  A dart slug (D:2)
  A leopard gecko (D:1)
  3 orcs
  6 bats
  2 giant cockroaches (D:1)
  9 goblins
  10 hobgoblins
  2 jackals (D:2)
  7 kobolds
  2 quokkas (D:2)
  6 frilled lizards
  5 rats
65 creatures vanquished.

Vanquished Creatures (others)
  A rat (D:3)
1 creature vanquished.

Grand Total: 66 creatures vanquished

Notes
Turn   | Place    | Note
-------+----------+-------------------------------------------
     0 | D:1      | retro the Deep Dwarf Fighter began the quest for the Orb.
     0 | D:1      | Reached XP level 1. HP: 20/20 MP: 1/1
   108 | D:1      | Reached XP level 2. HP: 24/27 MP: 2/2
   240 | D:1      | Reached skill level 1 in Dodging
   277 | D:1      | Reached XP level 3. HP: 28/33 MP: 3/3
   704 | D:2      | Reached XP level 4. HP: 29/42 MP: 4/4
  1260 | D:1      | Reached XP level 5. HP: 32/49 MP: 5/5
  1466 | D:4      | Killed from afar by an orc priest

Levels and vault maps discovered:
D:1:      minmay_arrival_stair_chambers, layout_rooms,
          minmay_misc_feat_more_columns, minmay_quantized
D:2:      layout_rooms
D:3:      layout_basic, fiery_altar_vehumet, uniq_terence
D:4:      layout_layer_cave, sigmund_edmund_badplayer

Skill      XL: |  1  2  3  4  5 |
---------------+----------------+-----
Dodging        | 1 2 |  2.1
Fighting       | 3 |  3.2
Armour         | 4 |  4.8
Axes           | 3 |  3.2
Shields        | 4 |  4.1

Action                   |  1- 3 |  4- 6 || total
-------------------------+-------+-------++-------
Melee: War axe           |    72 |       ||    72
       Dagger            |    46 |   138 ||   184
Throw: Dart              |       |     6 ||     6
  Use: Potion            |     1 |       ||     1
  Eat: Chunk             |       |     2 ||     2
Armor: Scale mail        |    51 |    41 ||    92
Dodge: Dodged            |    34 |    27 ||    61
Block: Shield            |    50 |    44 ||    94
